 Dungeon Crawl Stone Soup version 0.32-a0-699-g1ee5eff69a (webtiles) character file.

Game seed: 11516278018405883813

253923 shadizar the Eclecticist (level 20, -8/137 HPs)
             Began as a Djinni Conjurer on Mar 13, 2024.
             Was the Champion of Makhleb.
             Killed from afar by an acid blob (20 damage)
             ... with a splash of acid
             ... on level 5 of the Pits of Slime.
             The game lasted 01:05:16 (26960 turns).

shadizar the Eclecticist (Djinni Conjurer)         Turns: 26960, Time: 01:05:17

Health: -8/137     AC: 12    Str:  4    XL:     20   Next: 53%
Gold:   3106       EV: 12    Int: 35    God:    Makhleb [******] SH: 20 Dex: 11

rFire   + + .        I - staff of cold
rCold   + + +        u - +1 tower shield {rC+}
rNeg    + + .        M - +4 skin of Zhor {*Englaciate rC+++ SInv}
rPois   ∞            h - +2 helmet {Int+3}
rElec   .            d - +2 cloak
rCorr   .            T - +3 pair of gloves of the Valley {rN++ MP-9}
SInv    +            (boots unavailable)
Will    ++...        a - amulet of Huatzar {rPois Regen+ Str+2 Dex-2}
Stlth   ++           S - ring of the Octopus King {Fly HP+2 AC+2 EV+2 SH+2}
HPRegen 1.22/turn    P - +6 ring of intelligence
MPRegen 0.00/turn

%: infuse magic (-9 HP)
@: corroded, flying, unable to read
A: sickness immunity, fire resistance 2, cold vulnerability 1, float, innate
caster, HP casting, extra vitality 1, clumsy 1, frail 1, weak 2, inability to
read after injury 1, devolution 1
}: 2/15 runes: decaying, gossamer
a: Renounce Religion, Minor Destruction, Lesser Servant of Makhleb, Major
Destruction, Greater Servant of Makhleb


You were on level 5 of the Pits of Slime.
You worshipped Makhleb.
Makhleb was exalted by your worship.
You visited 7 branches of the dungeon, and saw 32 of its levels.
You also visited: Bailey and Ice Cave.

You collected 3304 gold pieces.
You spent 198 gold pieces at shops.

Inventory:

Armour
 d - a +2 cloak (worn)
 h - a +2 helmet of intelligence (worn)
 u - a +1 tower shield of cold resistance (worn)
 A - the +1 leather armour of Chill Winds {Regen+ Slay+3}
   (You found it on level 4 of the Dungeon)

   Slay+3:    It affects your accuracy & damage with ranged weapons and melee
   (+3).
   Regen+:    It increases your rate of health regeneration.
 B - a +0 tower shield of protection
 M - the +4 skin of Zhor (worn) {*Englaciate rC+++ SInv}
   (You found it in an ice cave)

   *Englaciate: It radiates cold, occasionally slowing all nearby creatures who
   are not resistant to cold.
   rC+++:     It renders you almost immune to cold.
   SInv:      It lets you see invisible.
 T - the +3 pair of gloves of the Valley (worn) {rN++ MP-9}
   (You acquired it on level 2 of the Spider Nest)

   rN++:      It greatly protects you from negative energy.
   MP-9:      It affects your magic capacity (-9).
 U - the +0 pair of gloves of Vehumet {rC+ rCorr Str-4 Stlth+}
   (You found it on level 2 of the Spider Nest)

   Str-4:     It affects your strength (-4).
   rC+:       It protects you from cold.
   rCorr:     It protects you from acid and corrosion.
   Stlth+:    It makes you more stealthy.
Magical Staves
 f - a staff of conjuration
 I - a staff of cold (weapon)
Jewellery
 a - the amulet of Huatzar (around neck) {rPois Regen+ Str+2 Dex-2}
   (You acquired it on level 11 of the Dungeon)

   [amulet of regeneration]

   Str+2:     It affects your strength (+2).
   Dex-2:     It affects your dexterity (-2).
   rPois:     It protects you from poison.
   Regen+:    It increases your rate of health regeneration.
 b - a +6 ring of intelligence
 g - a +6 ring of strength
 J - the ring of the Present {Fire rElec rPois}
   (You found it on level 8 of the Dungeon)

   [ring of fire]

   Fire:      It enhances your fire magic.
   rF+:       It protects you from fire.
   rC-:       It makes you vulnerable to cold.
   rElec:     It insulates you from electricity.
   rPois:     It protects you from poison.
 N - the amulet "Ziom" {Reflect Dex+2 SH+5}
   (You found it in an ice cave)

   [amulet of reflection]

   Reflect:   It reflects blocked missile attacks.
   Dex+2:     It affects your dexterity (+2).
   SH+5:      It affects your SH (+5).
 P - a +6 ring of intelligence (right hand)
 S - a ring of the Octopus King (left hand) {Fly HP+2 AC+2 EV+2 SH+2}
   (You found it on level 2 of the Spider Nest)

   [ring of flight]

   AC+2:      It affects your AC (+2).
   EV+2:      It affects your evasion (+2).
   HP+2:      It affects your health (+2).
   Fly:       It grants you flight.
   SH+2:      It affects your SH (+2).
Wands
 t - a wand of paralysis (12)
 v - a wand of digging (19)
 E - a wand of warping (41)
 F - a wand of flame (55)
 H - a wand of mindburst (57)
 L - a wand of acid (19)
 O - a wand of polymorph (4)
Scrolls
 i - 3 scrolls of enchant weapon
 l - 5 scrolls of poison
 n - 8 scrolls of fog
 r - a scroll of fear
 s - 4 scrolls of revelation
 y - 3 scrolls of teleportation
 D - a scroll of enchant armour
 K - a scroll of silence
Potions
 c - 10 potions of curing
 e - a potion of cancellation
 o - 2 potions of attraction
 p - 6 potions of ambrosia
 q - 5 potions of enlightenment
 w - a potion of berserk rage
 x - 3 potions of haste
 z - 4 potions of invisibility
 G - 3 potions of might
 Q - 3 potions of resistance
 R - 2 potions of brilliance
 V - a potion of mutation
Miscellaneous
 m - a phial of floods
 C - a condenser vane


   Skills:
 - Level 16.0 Fighting
 - Level 10.0 Armour
 - Level 12.1 Dodging
 - Level 1.5 Stealth
 - Level 14.1 Shields
 + Level 19.5 Spellcasting
 + Level 19.5 Conjurations
 + Level 19.5 Hexes
   Level 0.0 Charms
 + Level 19.5 Summonings
 + Level 19.5 Necromancy
 + Level 19.5 Translocations
   Level 0.0 Transmutations
 + Level 19.5 Fire Magic
 + Level 19.5 Ice Magic
 + Level 19.5 Air Magic
 + Level 19.5 Earth Magic
 + Level 19.5 Alchemy


You knew the following spells:

 Your Spells              Type           Power      Damage    Failure   Level
a - Magic Dart            Conj           100%       1d8       0%          1
b - Searing Ray           Conj           100%       2d8       0%          2
c - Fulminant Prism       Conj/Alch      53%        3d22      1%          4
d - Iskenderun's Mystic   Conj/Tloc      100%       2d19      1%          4
e - Kiss of Death         Conj/Necr      100%       2d13      0%          1
f - Ensorcelled Hibernat  Hex/Ice        100%       N/A       0%          2
g - Scorch                Fire           100%       2d9       0%          2
h - Fugue of the Fallen   Necr           100%       N/A       1%          3
i - Dispel Undead         Necr           100%       3d31      1%          4
j - Freezing Cloud        Conj/Ice/Air   65%        6-21      1%          5
k - Sculpt Simulacrum     Ice/Alch       65%        N/A       1%          6
l - Permafrost Eruption   Ice/Erth       65%        2x4d18    1%          6
m - Spellforged Servitor  Conj/Summ      53%        N/A       6%          7
Your spell library was empty.

Dungeon Overview and Level Annotations

Branches:
Dungeon (11/15)            Temple (1/1) D:6            Lair (5/5) D:11
  Swamp (4/4) Lair:2       Spider (4/4) Lair:3        Slime (5/5) Lair:4
    Orc (2/2) D:10            Elf (0/3) Orc:2        Bailey (visited)
  IceCv (visited)

Altars:
Ashenzari
Cheibriados
Dithmenos
Elyvilon
Fedhas
Gozag
Hepliaklqana
Makhleb
Nemelex Xobeh
Okawaru
Qazlal
Ru
Trog
Uskayaw
Wu Jian
Xom
Yredelemnul
Zin
The Shining One
Jiyva

Shops:
Orc:2 ?*?*(

Annotations:
D:6 3 runed translucent doors, Gruesome's ghost, novice OpEE
D:9 1 runed translucent door, seren's ghost, novice OpSh
Swamp:2 3 runed translucent doors, Nilihum's ghost, adept CoAr


Innate Abilities, Weirdness & Mutations

You are immune to sickness and miasma.
You are immune to poison.
Your flesh is very heat resistant. (rF++)
You are vulnerable to cold. (rC-)
You float through the air rather than walking.
You learn spells naturally, not from books.
Your magical power is your life essence.
You have superior vitality. (+4 MHP)
You are clumsy. (Dex -2)
You are frail. (-10% HP)
You are very weak. (Str -4)
You occasionally lose the ability to read scrolls when taking damage.
You have hidden genetic defects.


Message History

The rockslime collides with the rockslime.
The rockslime is lightly wounded.
The mystic blast hits the quicksilver ooze!!
The quicksilver ooze is almost dead.
The mystic blast hits the rockslime!
You kill the rockslime!
That felt strangely unrewarding.
* * * LOW HITPOINT WARNING * * *
You block the quicksilver ooze's attack. x2
Unknown command.
Unknown command.
Unknown command.
Unknown command.
Unknown command.
Unknown command.
Unknown command.
Unknown command.
Unknown command.
Unknown command.
Unknown command.
Unknown command.
Unknown command.
Unknown command.
Unknown command.
Unknown command.
Casting: Iskenderun's Mystic Blast (safe; 1% risk of failure)
Confirm with . or Enter, or press ? or * to list all spells.
You erupt in a blast of force!
The mystic blast hits the rockslime!!
The rockslime is severely wounded.
The rockslime is knocked back by the mystic blast.
The mystic blast hits the azure jelly!!
You kill the azure jelly!
That felt strangely unrewarding.
The mystic blast hits the quicksilver ooze!!
You kill the quicksilver ooze!
That felt strangely unrewarding.
* * * LOW HITPOINT WARNING * * *
The acid blob spits acid at you. The splash of acid hits you!!
You die...

......G..........................
...J.............................
.................................
.................................
......J........J..^..............
......J..........................
......JJ......J..................
......JJ......J..................
........J....JJ.@...........#####
.............G.........######
##....<.............####
###....#....#....###
######$:$[##.### ### $..(/## .||#


You could see an acid blob, a great orb of eyes, 2 slime creatures and 2
rockslimes.

Vanquished Creatures
  the Royal Jelly (Slime:5)
  the Lernaean hydra (Swamp:4)
  Bai Suzhen (Spider:3)
  Nikola (Spider:4)
  Arachne (Spider:2)
  A tentacled monstrosity (Swamp:2)
  10 acid blobs
  Frances (Swamp:2)
  11 azure jellies
  12 rockslimes
  Aizul (Swamp:3)
  Louise (Spider:1)
  5 ghost moths
  5 emperor scorpions
  A reaper (IceCv)
  10 quicksilver oozes
  A broodmother (Spider:1)
  Nessos (Lair:3)
  6 formless jellyfish
  4 bunyips
  4 eleionomae
  A spark wasp (Spider:3)
  Azrael (Spider:1)
  A dire elephant (Lair:5)
  Josephine (Lair:5)
  An ettin (Orc:2)
  5 entropy weavers
  3 great orbs of eyes
  2 ogre magi (Orc:2)
  4 radroaches (Spider:4)
  17 alligators
  15 hydras
  A ghost crab (Spider:4)
  A jorogumo (Spider:4)
  A catoblepas (Lair:3)
  12 two-headed ogres
  5 boulder beetles
  10 demonic crawlers
  A death scarab (Spider:4)
  3 death yaks (Lair:5)
  The ghost of seren the Insei, a novice OpSh (D:8)
  6 pharaoh ants
  4 skysharks (Lair:2)
  4 goliath frogs
  2 deep trolls (Orc:2)
  13 orb spiders
  A spriggan druid (Swamp:3)
  5 bog bodies
  2 glowing orange brains
  6 swamp dragons (Swamp:4)
  A sun moth (Spider:1)
  5 steelbarb worms
  2 lindwurms (Lair:5)
  2 orc knights
  9 shining eyes
  4 cyclopes
  An orc sorcerer (Bailey)
  22 wolf spiders
  3 will-o-the-wisps
  Maurice (D:8)
  An ice statue (IceCv)
  2 moths of wrath
  4 black mambas
  2 kobold blastminers (Orc:2)
  15 elephants
  3 meliai (Spider:3)
  2 eyes of devastation (Slime:1)
  2 gargoyles
  15 cane toads
  4 torpor snails
  13 komodo dragons
  A kobold demonologist (Bailey)
  Jeremiah (D:8)
  Maggie (D:8)
  Psyche (D:9)
  4 rime drakes
  10 trolls
  3 polar bears
  39 tarantellas
  2 bloated husks
  20 tyrant leeches
  Grinder (D:6)
  9 hornets
  20 blink frogs
  6 glass eyes
  3 dream sheep (Lair:5)
  26 jumping spiders
  23 culicivoras
  4 spriggans
  53 slime creatures
  3 basilisks
  3 dire elephant simulacra (IceCv)
  4 wyverns
  A fire elemental (Spider:1)
  7 wraiths
  7 golden eyes
  47 yaks
  18 vampire mosquitoes
  A death yak simulacrum (IceCv)
  51 redbacks
  Grum (D:8)
  A warg (Orc:1)
  2 steam dragons (D:7)
  Menkaure (D:6)
  2 harpy simulacra (IceCv)
  19 swamp worms
  2 acid dragons (D:11)
  3 hell hounds (Spider:1)
  18 water moccasins
  33 orc warriors
  3 hydra simulacra (IceCv)
  8 swamp drakes
  24 ogres
  9 ice beasts
  3 black bears
  11 wolves
  4 centaurs
  9 bullfrogs
  3 gnoll sergeants
  4 kobold brigands
  5 two-headed ogre simulacra (IceCv)
  3 scorpions
  A cane toad simulacrum (IceCv)
  A hornet simulacrum (D:8)
  3 elephant simulacra (IceCv)
  16 killer bees
  A howler monkey (D:6)
  6 electric eels
  3 bombardier beetles
  A wyvern simulacrum (D:8)
  4 hounds
  14 orc priests
  A gnoll bouda (D:7)
  2 sleepcaps (D:6)
  3 iguanas
  14 orc wizards
  Natasha (thrice) (D:4)
  A hell rat (Lair:5)
  5 polar bear simulacra (IceCv)
  6 troll simulacra (IceCv)
  2 spriggan simulacra (IceCv)
  A centaur simulacrum (D:8)
  Robin (D:3)
  22 gnolls
  12 adders
  4 naga simulacra (IceCv)
  2 shadow imps (D:6)
  A howler monkey simulacrum (D:8)
  11 white imps
  6 ufetubi (IceCv)
  7 ribbon worms
  7 dart slugs
  75 orcs
  A bat (D:1)
  11 endoplasms
  3 giant cockroaches
  32 goblins
  19 hobgoblins
  10 jackals
  27 kobolds
  3 quokkas
  5 ball pythons
  5 frilled lizards
  4 rats
  3 butterflies (Lair:3)
1217 creatures vanquished.

Vanquished Creatures (others)
  A kobold (D:7)
  10 foxfires (Swamp:2)
  32 fulminant prisms
43 creatures vanquished.

Grand Total: 1260 creatures vanquished

Notes
Turn   | Place    | Note
-------+----------+-------------------------------------------
     0 | D:1      | shadizar the Djinni Conjurer began the quest for the Orb.
     0 | D:1      | shadizar set off with the following spells memorised: Magic
                  | Dart, Searing Ray, Fulminant Prism, Iskenderun's Mystic
                  | Blast.
     0 | D:1      | Reached XP level 1. HP: 15/15 MP: 0/0
   105 | D:1      | Reached XP level 2. HP: 14/21 MP: 0/0
   296 | D:1      | Reached XP level 3. HP: 22/25 MP: 0/0
   296 | D:1      | Learned a level 1 spell: Kiss of Death
   875 | D:2      | Reached XP level 4. HP: 26/31 MP: 0/0
  1555 | D:2      | Found a faded altar of an unknown god.
  2257 | D:3      | Reached XP level 5. HP: 33/35 MP: 0/0
  2257 | D:3      | Learned a level 2 spell: Ensorcelled Hibernation
  2288 | D:3      | Reached skill level 5 in Spellcasting
  2288 | D:3      | Reached skill level 5 in Conjurations
  2288 | D:3      | Reached skill level 5 in Hexes
  2288 | D:3      | Reached skill level 5 in Summonings
  2288 | D:3      | Reached skill level 5 in Necromancy
  2288 | D:3      | Reached skill level 5 in Translocations
  2288 | D:3      | Reached skill level 5 in Fire Magic
  2288 | D:3      | Reached skill level 5 in Ice Magic
  2288 | D:3      | Reached skill level 5 in Air Magic
  2288 | D:3      | Reached skill level 5 in Earth Magic
  2288 | D:3      | Reached skill level 5 in Alchemy
  2298 | D:3      | Noticed Robin
  2303 | D:3      | Killed Robin
  3326 | D:4      | Reached XP level 6. HP: 39/40 MP: 0/0
  3550 | D:4      | Noticed an ogre
  3561 | D:4      | Killed an ogre
  3661 | D:4      | Noticed Natasha
  3662 | D:4      | Identified the +1 leather armour of Chill Winds {Regen+
                  | Slay+3}
  3668 | D:4      | Killed Natasha
  3668 | D:4      | Noticed Natasha
  3669 | D:4      | Reached XP level 7. HP: 42/45 MP: 0/0
  3669 | D:4      | Learned a level 2 spell: Scorch
  3674 | D:4      | Killed Natasha
  3750 | D:4      | Noticed Natasha
  3758 | D:4      | Killed Natasha
  4238 | D:5      | Entered Level 5 of the Dungeon
  4528 | D:5      | Reached XP level 8. HP: 44/50 MP: 0/0
  5362 | D:5      | Found a broken altar of Ashenzari.
  5708 | D:6      | Reached XP level 9. HP: 42/55 MP: 0/0
  5708 | D:6      | Learned a level 3 spell: Fugue of the Fallen
  5823 | D:6      | Noticed Menkaure
  5830 | D:6      | Killed Menkaure
  5831 | D:6      | Reached skill level 1 in Fighting
  5831 | D:6      | Reached skill level 1 in Armour
  5831 | D:6      | Reached skill level 1 in Shields
  6043 | D:6      | Found a staircase to the Ecumenical Temple.
  6176 | Temple   | Entered the Ecumenical Temple
  6191 | Temple   | Became a worshipper of Makhleb the Destroyer
  6430 | D:6      | Noticed Grinder
  6440 | D:6      | Killed Grinder
  6892 | D:6      | Found a runed translucent gate.
  6892 | D:6      | Found a runed translucent gate.
  6892 | D:6      | Found a runed translucent gate.
  6898 | D:6      | Noticed Gruesome's ghost (novice OpEE)
  7212 | D:7      | Reached XP level 10. HP: 64/67 MP: 0/0
  7448 | D:7      | Reached skill level 5 in Dodging
  7687 | D:8      | Reached * piety under Makhleb
  7777 | D:8      | Noticed Jeremiah
  7777 | D:8      | Noticed Maurice
  7801 | D:8      | Killed Jeremiah
  7846 | D:8      | Found an opulent altar of Gozag.
  7847 | D:8      | Found a sparkling altar of Nemelex Xobeh.
  7858 | D:8      | Noticed Maggie
  7864 | D:8      | Killed Maggie
  7865 | D:8      | Reached skill level 10 in Spellcasting
  7865 | D:8      | Reached skill level 10 in Conjurations
  7865 | D:8      | Reached skill level 10 in Hexes
  7865 | D:8      | Reached skill level 10 in Summonings
  7865 | D:8      | Reached skill level 10 in Necromancy
  7865 | D:8      | Reached skill level 10 in Translocations
  7865 | D:8      | Reached skill level 10 in Fire Magic
  7865 | D:8      | Reached skill level 10 in Ice Magic
  7865 | D:8      | Reached skill level 10 in Air Magic
  7865 | D:8      | Reached skill level 10 in Earth Magic
  7865 | D:8      | Reached skill level 10 in Alchemy
  7910 | D:8      | Noticed Grum
  7931 | D:8      | Killed Grum
  8082 | D:8      | Found a runed translucent gate.
  8083 | D:8      | Found a runed translucent gate.
  8084 | D:8      | Found a runed translucent gate.
  8111 | D:8      | Noticed seren's ghost (novice OpSh)
  8128 | D:8      | Killed Maurice
  8129 | D:8      | Reached XP level 11. HP: 47/73 MP: 0/0
  8129 | D:8      | Learned a level 4 spell: Dispel Undead
  8223 | D:8      | Found a snail-covered altar of Cheibriados.
  8224 | D:8      | Found an ornate altar of the Wu Jian Council.
  8354 | D:8      | Killed seren's ghost
  8377 | D:8      | Reached ** piety under Makhleb
  8414 | D:8      | Got the ring of the Present {Fire rElec rPois}
  8817 | D:9      | Noticed a two-headed ogre
  8823 | D:9      | Killed a two-headed ogre
  8955 | D:9      | Found a runed translucent door.
  8956 | D:9      | Noticed seren's ghost (novice OpSh)
  8973 | D:9      | Noticed Psyche
  8979 | D:9      | Killed Psyche
  9615 | D:10     | Entered Level 10 of the Dungeon
  9648 | D:10     | Reached *** piety under Makhleb
  9654 | D:10     | Found Niunuvip's Weapon Emporium.
  9754 | D:10     | Noticed a two-headed ogre
  9762 | D:10     | Killed a two-headed ogre
  9763 | D:10     | Found a flagged portal.
  9771 | Bailey   | Entered a bailey
  9847 | Bailey   | Noticed an orc knight
  9855 | Bailey   | Killed an orc knight
  9856 | Bailey   | Reached XP level 12. HP: 64/78 MP: 0/0
 10007 | Bailey   | Reached **** piety under Makhleb
 10093 | Bailey   | Found an iron altar of Okawaru.
 10692 | D:10     | Found a staircase to the Orcish Mines.
 10970 | D:11     | Reached skill level 5 in Fighting
 10970 | D:11     | Reached skill level 5 in Armour
 10972 | D:11     | Found a frozen archway.
 10972 | D:11     | Noticed a two-headed ogre
 10983 | D:11     | Killed a two-headed ogre
 11001 | D:11     | Reached XP level 13. HP: 75/89 MP: 0/0
 11001 | D:11     | Learned a level 5 spell: Freezing Cloud
 11005 | IceCv    | Entered an ice cave
 11080 | IceCv    | Reached ***** piety under Makhleb
 11644 | IceCv    | Noticed a reaper
 11655 | IceCv    | Killed a reaper
 11733 | IceCv    | Found the +4 skin of Zhor {*Englaciate rC+++ SInv}
 11749 | IceCv    | Identified the amulet "Ziom" {Reflect Dex+2 SH+5}
 11824 | D:11     | Found a staircase to the Lair.
 12271 | D:11     | Found a white marble altar of Elyvilon.
 12723 | D:11     | Acquired the amulet of Huatzar {rPois Regen+ Str+2 Dex-2}
 12728 | D:11     | Acquired 710 gold pieces
 12732 | D:11     | Acquired a staff of fire
 12736 | D:11     | Acquired a staff of conjuration
 12786 | Lair:1   | Entered Level 1 of the Lair of Beasts
 12935 | Lair:1   | Reached XP level 14. HP: 92/96 MP: 0/0
 13217 | Lair:1   | Reached skill level 5 in Shields
 13840 | Lair:2   | Reached skill level 15 in Spellcasting
 13840 | Lair:2   | Reached skill level 15 in Conjurations
 13840 | Lair:2   | Reached skill level 15 in Hexes
 13840 | Lair:2   | Reached skill level 15 in Summonings
 13840 | Lair:2   | Reached skill level 15 in Necromancy
 13840 | Lair:2   | Reached skill level 15 in Translocations
 13840 | Lair:2   | Reached skill level 15 in Fire Magic
 13840 | Lair:2   | Reached skill level 15 in Ice Magic
 13840 | Lair:2   | Reached skill level 15 in Air Magic
 13840 | Lair:2   | Reached skill level 15 in Earth Magic
 13840 | Lair:2   | Reached skill level 15 in Alchemy
 14066 | Lair:2   | Found a staircase to the Swamp.
 14125 | Lair:2   | Reached ****** piety under Makhleb
 14313 | Lair:2   | Identified the +0 leather armour of Effeadox {rElec rC-
                  | rCorr Int-4}
 15047 | Lair:3   | Noticed Nessos
 15073 | Lair:3   | Killed Nessos
 15229 | Lair:3   | Found a hole to the Spider Nest.
 15719 | Lair:4   | Found a staircase to the Slime Pits.
 15720 | Lair:4   | Found a viscous altar of Jiyva.
 15820 | Lair:4   | Reached XP level 15. HP: 99/107 MP: 0/0
 15820 | Lair:4   | Learned a level 6 spell: Sculpt Simulacrum
 16283 | Lair:4   | Reached skill level 10 in Fighting
 16373 | Lair:5   | Entered Level 5 of the Lair of Beasts
 17052 | Lair:5   | Reached skill level 10 in Shields
 17053 | Lair:5   | Noticed Josephine
 17063 | Lair:5   | Killed Josephine
 17598 | Orc:1    | Entered Level 1 of the Orcish Mines
 17983 | Orc:2    | Entered Level 2 of the Orcish Mines
 18062 | Orc:2    | Found Diziy's Magic Scroll Shop.
 18147 | Orc:2    | Reached XP level 16. HP: 104/114 MP: 0/0
 18316 | Orc:2    | Found Gudeots's General Store.
 18348 | Orc:2    | Found Waxtohio's Magic Scroll Boutique.
 18353 | Orc:2    | Found Oquvum's General Store.
 18357 | Orc:2    | Bought a +2 cloak for 198 gold pieces
 18375 | Orc:2    | Found Wochin's Weapon Shop.
 18485 | Orc:2    | Found a staircase to the Elven Halls.
 18932 | Swamp:1  | Entered Level 1 of the Swamp
 19331 | Swamp:2  | Reached skill level 10 in Dodging
 19352 | Swamp:2  | Noticed Frances
 19364 | Swamp:2  | Killed Frances
 19767 | Swamp:2  | Noticed a tentacled monstrosity
 19778 | Swamp:2  | Killed a tentacled monstrosity
 19887 | Swamp:2  | Found a runed translucent gate.
 19887 | Swamp:2  | Found a runed translucent gate.
 19887 | Swamp:2  | Found a runed translucent gate.
 19891 | Swamp:2  | Noticed Nilihum's ghost (adept CoAr)
 20065 | Swamp:3  | Identified the serpent talisman "Gatez" {Str-4 Int+3 Dex+7}
 20065 | Swamp:3  | Noticed Aizul
 20070 | Swamp:3  | Killed Aizul
 20107 | Swamp:3  | Reached XP level 17. HP: 121/121 MP: 0/0
 20107 | Swamp:3  | Learned a level 6 spell: Permafrost Eruption
 20487 | Swamp:4  | Entered Level 4 of the Swamp
 20501 | Swamp:4  | Identified the +12 scimitar of the Jester {antimagic, rF++
                  | rC- rN+ Int+2}
 21094 | Swamp:4  | Identified the +11 battleaxe "Sasek" {distort, rN+ Str+5}
 21161 | Swamp:4  | Noticed the 27-headed Lernaean hydra
 21166 | Swamp:4  | Killed the 27-headed Lernaean hydra
 21404 | Swamp:4  | Got a decaying rune of Zot
 21652 | Spider:1 | Entered Level 1 of the Spider Nest
 21810 | Spider:1 | Noticed Azrael
 21812 | Spider:1 | Killed Azrael
 22115 | Spider:1 | Noticed Louise
 22117 | Spider:1 | Killed Louise
 22118 | Spider:1 | Reached XP level 18. HP: 132/133 MP: 0/0
 22854 | Spider:2 | Found the ring of the Octopus King
 22881 | Spider:2 | Identified a ring of the Octopus King {Fly HP+2 AC+2 EV+2
                  | SH+2}
 22938 | Spider:2 | Identified the +0 pair of gloves of Vehumet {rC+ rCorr
                  | Str-4 Stlth+}
 22943 | Spider:2 | You are sucked into a shaft and drop 1 floor!
 23002 | Spider:2 | Noticed Arachne
 23009 | Spider:2 | Killed Arachne
 23368 | Spider:2 | Acquired the +3 pair of gloves of the Valley {rN++ MP-9}
 23529 | Spider:3 | Noticed Bai Suzhen
 23535 | Spider:3 | Killed Bai Suzhen
 23738 | Spider:3 | Identified the +2 rapier of the Realm of Zot {heavy, rCorr
                  | SInv}
 23900 | Spider:4 | Entered Level 4 of the Spider Nest
 23901 | Spider:4 | Identified the +0 scale mail of Qazlal's Outrage {rPois
                  | Will+ Str+3}
 23916 | Spider:4 | Noticed Nikola
 23921 | Spider:4 | Reached XP level 19. HP: 111/142 MP: 0/0
 23921 | Spider:4 | Learned a level 7 spell: Spellforged Servitor
 23960 | Spider:4 | Reached skill level 15 in Fighting
 23968 | Spider:4 | Killed Nikola
 24677 | Spider:4 | Got a gossamer rune of Zot
 24867 | Slime:1  | Entered Level 1 of the Pits of Slime
 24899 | Slime:1  | Gained mutation: You have hidden genetic defects. [a
                  | shining eye]
 25667 | Slime:3  | Gained mutation: You have terrible hidden genetic defects.
                  | [a shining eye]
 25694 | Slime:3  | Gained mutation: You are weak. (Str -2) [hidden defects]
 25715 | Slime:3  | Gained mutation: You are frail. (-10% HP) [a shining eye]
 25717 | Slime:3  | Reached XP level 20. HP: 135/135 MP: 0/0
 26369 | Slime:4  | Reached skill level 10 in Armour
 26544 | Slime:4  | Gained mutation: You are clumsy. (Dex -2) [hidden defects]
 26544 | Slime:4  | Lost mutation: You have terrible hidden genetic defects.
                  | [hidden defects expressed]
 26730 | Slime:5  | Entered Level 5 of the Pits of Slime
 26748 | Slime:5  | Gained mutation: You are very weak. (Str -4) [a shining
                  | eye]
 26753 | Slime:5  | Noticed the Royal Jelly
 26950 | Slime:5  | Killed the Royal Jelly
 26952 | Slime:5  | Gained mutation: You occasionally lose the ability to read
                  | scrolls when taking damage. [hidden defects]
 26960 | Slime:5  | Killed from afar by an acid blob

Illustrated notes

Levels and vault maps discovered:
D:1:      eino_arrival_cavern_b, layout_rooms, bh_walls_and_bars
D:2:      layout_basic, basic_ecumenical_altar, hex_medium, minmay_circle_x
D:3:      layout_loops_ring, minmay_misc_feat_four_crosses,
          kennysheep_cluttered_room, uniq_robin
D:4:      layout_loops_ring, minmay_ogre_servants, uniq_natasha
D:5:      minmay_octagon_keep, layout_layer_cave, lemuel_tele_altar
D:6:      layout_loops_ring, minmay_temple_entry_junction,
          gammafunk_ghost_necromancy, grunt_ministairs_7, uniq_grinder,
          uniq_menkaure
D:7:      layout_rooms, supply_closet_lemuel
D:8:      layout_rooms, nicolae_overflow_two_pavilions,
          grunt_temple_overflow_opulence, gammafunk_ghost_icy, uniq_maurice,
          uniq_maggie, uniq_grum, uniq_jeremiah
D:9:      layout_gridville, gammafunk_ghost_grave, uniq_psyche
D:10:     layout_cave_pools, david_orc_4, serial_shops,
          nicolae_shop_pleasant_corner_grove, enter_bailey_4
D:11:     layout_basic, david_lair_generic, portal_ice_cave_entry_pillars_2,
          corexii_checkpoint, hex_tiny, hangedman_decor_push,
          nicolae_elyvilon_peaceful_grove
Temple:   nicolae_temple_bog_church
Lair:1:   layout_roguey, serial_rivers, chequers_serial_rivers_room_a,
          chequers_serial_rivers_large_b, chequers_serial_rivers_room_b,
          chequers_serial_rivers_micro_b, chequers_serial_rivers_micro_d,
          chequers_serial_rivers_room_b
Lair:2:   dreamdust_cave_troll, layout_layer_cave, swamp_mist_pool,
          evilmike_ambush [evilmike_ambush_outer_basic,
          evilmike_ambush_inner_basic]
Lair:3:   layout_small_grid, nicolae_spider_entry_non_spiders,
          lemuel_fruit_fields, lemuel_fruit_fields, uniq_nessos
Lair:4:   layout_gridlike, slime_entry_1, lemuel_fruit_tree, grunt_megastairs_4
Lair:5:   hangedman_lair_in_review, layout_cave_pods, serial_rivers,
          chequers_serial_rivers_micro_a, chequers_serial_rivers_micro_a,
          chequers_serial_rivers_micro_b, chequers_serial_rivers_micro_c,
          chequers_serial_rivers_marsh, grunt_forest_large_clearing_hut,
          uniq_josephine
Swamp:1:  layout_basic_swamp, nicolae_swamp_ascending_descending
Swamp:2:  layout_basic_swamp, gammafunk_ghost_hydra_chop,
          nicolae_swamp_bean_lake, uniq_frances
Swamp:3:  layout_basic_swamp, evilmike_swamp_ruin_house_4,
          nicolae_swamp_tree_isthmus, uniq_aizul
Swamp:4:  swamp_old_school, layout_basic_swamp, infiniplex_staircase_pool
Spider:1: layout_chambers, uniq_louise, uniq_azrael
Spider:2: nicolae_spider_mines_3, hangedman_spider_tarantella_strand,
          uniq_arachne
Spider:3: layout_spider_delve, nicolae_crawler_farm, uniq_bai_suzhen
Spider:4: spider_rune_water, nicolae_spider_swamp_cousins, uniq_nikola
Slime:1:  layout_caves, nicolae_slime_getting_an_eyeful
Slime:2:  layout_caves
Slime:3:  layout_caves
Slime:4:  layout_caves
Slime:5:  slime_pit_nicolae_inversion
Orc:1:    layout_caves
Orc:2:    st_orc_open, layout_caves, serial_shops,
          nicolae_shop_competitors_out_of_business, nicolae_orc_quarried_blocks

Skill      XL: |  1  2  3  4  5  6  7  8  9 10 11 12 13 14 15 16 17 18 19 20 |
---------------+-------------------------------------------------------------+-----
Spellcasting   | 4 5 6 7 9 10 13 14 15 16 17 18 19 | 19.5
Conjurations   | 4 5 6 7 9 10 13 14 15 16 17 18 19 | 19.5
Hexes          | 4 5 6 7 9 10 13 14 15 16 17 18 19 | 19.5
Summonings     | 4 5 6 7 9 10 13 14 15 16 17 18 19 | 19.5
Necromancy     | 4 5 6 7 9 10 13 14 15 16 17 18 19 | 19.5
Translocations | 4 5 6 7 9 10 13 14 15 16 17 18 19 | 19.5
Fire Magic     | 4 5 6 7 9 10 13 14 15 16 17 18 19 | 19.5
Ice Magic      | 4 5 6 7 9 10 13 14 15 16 17 18 19 | 19.5
Air Magic      | 4 5 6 7 9 10 13 14 15 16 17 18 19 | 19.5
Earth Magic    | 4 5 6 7 9 10 13 14 15 16 17 18 19 | 19.5
Alchemy        | 4 5 6 7 9 10 13 14 15 16 17 18 19 | 19.5
Fighting       | 3 4 6 7 9 10 11 13 14 15 16 | 16.0
Armour         | 3 4 6 7 9 10 | 10.0
Shields        | 3 4 7 11 12 13 14 | 14.1
Dodging        | 4 5 7 8 10 11 12 | 12.1
Stealth        | |  1.5

Action                     |  1- 3 |  4- 6 |  7- 9 | 10-12 | 13-15 | 16-18 | 19-21 || total
---------------------------+-------+-------+-------+-------+-------+-------+-------++-------
  Melee: Unarmed           |       |       |       |     2 |       |       |       ||     2
         Staff             |       |       |       |       |    14 |     1 |       ||    15
   Cast: Magic Dart        |    75 |   111 |   155 |   119 |    13 |       |       ||   473
         Searing Ray       |       |    12 |    25 |       |       |       |       ||    37
         Iskenderun's Myst |       |       |    29 |   202 |   367 |   169 |    64 ||   831
         Fulminant Prism   |       |       |     5 |    23 |     2 |     2 |       ||    32
         Freezing Cloud    |       |       |       |       |    81 |    88 |       ||   169
         Permafrost Erupti |       |       |       |       |       |   193 |   186 ||   379
    Use: Potion            |       |       |     3 |     1 |     7 |     2 |     3 ||    16
         Scroll            |       |       |       |    17 |    13 |     4 |     1 ||    35
 Armour: Robe              |     8 |    12 |    20 |       |       |       |       ||    40
         Leather armour    |       |       |    10 |    51 |    45 |       |       ||   106
         Animal skin       |       |       |       |       |    55 |    56 |    50 ||   161
  Dodge: Dodged            |     4 |    12 |    24 |    29 |    60 |    22 |     9 ||   160
  Block: Buckler           |       |       |     8 |    12 |    17 |       |       ||    37
         Tower shield      |       |       |       |       |    14 |    38 |    37 ||    89

Table legend: (Time is in decaauts)
 A = Elapsed time spent in this place.
 B = Non-inter-level travel time spent in this place.
 C = Inter-level travel time spent in this place.
 D = Time resting spent in this place.
 E = Time spent auto-exploring this place.
 F = Levels seen in this place.
 G = Mean time per level.
                   A        B        C        D        E       F      G
               +--------+--------+--------+--------+--------+-----+--------+
         Total |  26976 |  24840 |   2136 |      0 |  19041 |  34 |  793.4 |
       Dungeon |  11623 |  10698 |    925 |      0 |   8740 |  11 | 1056.6 |
        Temple |     35 |     25 |     10 |      0 |      0 |   1 |   35.0 |
          Lair |   5161 |   4563 |    598 |      0 |   3590 |   5 | 1032.2 |
         Swamp |   2429 |   2093 |    336 |      0 |   1505 |   4 |  607.2 |
   Spider Nest |   3150 |   2932 |    218 |      0 |   2229 |   4 |  787.5 |
    Slime Pits |   2075 |   2064 |     11 |      0 |   1458 |   5 |  415.0 |
  Orcish Mines |   1167 |   1132 |     35 |      0 |    675 |   2 |  583.5 |
        Bailey |    571 |    571 |      0 |      0 |    301 |   1 |  571.0 |
      Ice Cave |    761 |    761 |      0 |      0 |    543 |   1 |  761.0 |
               +--------+--------+--------+--------+--------+-----+--------+

Top non-repeatable levels by time:
     D:5: 1464 daAuts
  Lair:2: 1373 daAuts
     D:6: 1314 daAuts
    D:11: 1163 daAuts
Spider:1: 1160 daAuts
     D:2: 1115 daAuts
     D:3: 1106 daAuts
     D:4: 1051 daAuts
     D:9: 1042 daAuts
  Lair:5: 1027 daAuts
     D:8: 1006 daAuts
  Lair:3: 970 daAuts
     D:1: 965 daAuts
  Lair:1: 959 daAuts
  Lair:4: 830 daAuts
